 Dungeon Sprint DCSS version 0.19-a0-330-g034cfd4 (webtiles) character file.

62350 Kidiri the Unseen (level 13, -17/69 HPs)
             Began as a Spriggan Enchanter on May 28, 2016.
             Was the Champion of Dithmenos.
             Demolished by an orc warrior (19 damage)
             ... in the Dungeon (Sprint III: "The Ten Rune Challenge").
             The game lasted 00:20:56 (4523 turns).

Kidiri the Unseen (Spriggan Enchanter)              Turns: 4523, Time: 00:20:57

Health: -17/69     AC:  7    Str:  4    XL:     13   Next: 41%
Magic:  20/34      EV: 35    Int: 19    God:    Dithmenos [******]
Gold:   54         SH:  2    Dex: 19    Spells: 8 memorised, 15 levels left

rFire  . . .     SeeInvis +     a - +1 dagger
rCold  . . .     Gourm    .     b - +1 robe
rNeg   . . .     Faith    .     (shield restricted)
rPois  .         Spirit   .     u - +2 hat {MR+}
rElec  .         Dismiss  .     (no cloak)
rCorr  .         Reflect  .     (gloves unavailable)
SustAt .         Harm     .     (boots unavailable)
MR     +++..     Clarity  +     (no amulet)
Stlth  ++++++++++ NoTele   +    (no ring)
                                (no ring)

@: lethally poisoned (-17 -> -21), very slightly contaminated, wreathed by
umbra, very quick, extremely resistant to hostile enchantments, uncannily
stealthy
A: unfitting armour, large bone plates 1, see invisible, clarity, herbivore 3,
speed 3, slow metabolism 2, subdued magic 1, MP-powered wands
a: Shadow Step, Shadow Form, Renounce Religion
}: 2/10 runes: decaying, serpentine


You were in the Dungeon.
You worshipped Dithmenos.
Dithmenos was exalted by your worship.
You were not hungry.

You visited 1 branch You collected 54 gold pieces.

Inventory:

Hand Weapons
 a - a +1 dagger (weapon)
Missiles
 l - 10 throwing nets (quivered)
Armour
 b - a +1 robe (worn)
 u - a +2 hat of magic resistance (worn)
Scrolls
 k - 2 scrolls of torment
 m - 4 scrolls of remove curse
 r - a scroll of identify
Potions
 g - 2 potions of haste
 h - a potion of magic
 i - a potion of might
 o - 4 potions of cure mutation
 p - 4 potions of lignification
 q - a potion of flight
 s - a potion of resistance {unknown}
 t - a potion of ambrosia {unknown}
Books
 c - a book of Maledictions

   Spells                             Type                      Level
   a - Corona                         Hexes                        1
   b - Ensorcelled Hibernation        Hexes/Ice                    2
   c - Confuse                        Hexes                        3
   d - Tukima's Dance                 Hexes                        3
   e - Dazzling Spray                 Conjuration/Hexes            3
 e - a book of the Tempests

   Spells                             Type                      Level
   a - Static Discharge               Conjuration/Air              3
   b - Lightning Bolt                 Conjuration/Air              5
   c - Fireball                       Conjuration/Fire             5
   d - Tornado                        Air                          9
   e - Shatter                        Earth                        9
Comestibles
 d - 2 bread rations
 f - 26 royal jellies
 n - 6 fruits


   Skills:
 + Level 8.4 Fighting
 * Level 14.9 Short Blades
 + Level 7.9 Armour
 * Level 18.8 Dodging
 * Level 20.3 Stealth
 * Level 16.0 Spellcasting
 + Level 7.6 Conjurations
 + Level 12.3 Hexes
 + Level 8.5 Ice Magic
 + Level 8.6 Air Magic
 - Level 4.8 Invocations


You had 15 spell levels left.
You knew the following spells:

 Your Spells              Type           Power        Failure   Level  Hunger
a - Corona                Hex            #####..      0%          1    None
b - Ensorcelled Hibernat  Hex/Ice        #####.       1%          2    None
c - Confuse               Hex            #####...     1%          3    None
d - Tukima's Dance        Hex            #####...     1%          3    None
e - Dazzling Spray        Conj/Hex       #####.       1%          3    None
f - Static Discharge      Conj/Air       #####...     1%          3    None
g - Lightning Bolt        Conj/Air       #####.....   3%          5    ###....
h - Tornado               Air            #####.....   100%        9    #######


Dungeon Overview and Level Annotations

Branches:
Dungeon (1/1)

Altars:
Cheibriados
Dithmenos
Elyvilon
Fedhas
Gozag
Hepliaklqana
Kikubaaqudgha
Makhleb
Nemelex Xobeh
Okawaru
Pakellas
Qazlal
Ru
Sif Muna
Trog
Ukayaw
Vehumet
Xom
Yredelemnul
Zin
The Shining One
Jiyva
Lugonu

Shops:
D !=[[:[%

Annotations:
D exclusion: 2 doors


Innate Abilities, Weirdness & Mutations

You are tiny and cannot use many weapons and most armour.
You have supernaturally acute eyesight. (SInv)
You are a herbivore.
You cover ground extremely quickly.
You need consume almost no food.
You are partially covered in large bone plates. (AC +2, SH +2)
You possess an exceptional clarity of mind.
Your spells are a little easier to cast, but a little less powerful.
You expend magic power (3 MP) to strengthen your wands.


Message History

Aim: an orc warrior, wearing a plate armour (unusually strong, umbra) Really fire towards your halberd of venom?
The spray of energy misses the orc warrior.
The spray of energy hits the orc.
You kill the orc!
Dithmenos accepts your kill.
* * * LOW HITPOINT WARNING * * *
You feel sick. The orc warrior completely misses you.
The hellwing completely misses you. x2
Casting: Dazzling Spray
Confirm with . or Enter, or press ? or * to list all spells.
Aiming: Dazzling Spray
Press: ? - help, Shift-Dir - straight line, f/p - orc warrior
Aim: an orc warrior, wearing a plate armour (unusually strong, umbra) Really fire towards your halberd of venom?
The spray of energy hits the orc warrior.
The orc warrior is dazzled.
* * * LOW HITPOINT WARNING * * *
You feel sick. The orc warrior hits you!!
You die...

▓▓▓ ▓ ▓▓ ♣.#############$##$# ##
♣.#___#__[#__#$#$$###$.$
♣♣.#%..#%_.#%_#$.o.§...$$
♣♣..###+#+###+##(oo§o..4##
..♣.#..........#o4§§ooo4$#
..♣.'.⌠....)...#o#§#o#$o$
≈♣♣.#...######'#@##§## ##
....#.⌠.#__#...#4################
....#...#__#...#....#.#.#..).)#..
....#+###__#...##.#..#.##.###)#..
....#_))#__#...'##.#.#.##.#..##..
....#___#__'...#)..#..#..##..+...
▓▓▓▓▓▓▓▓▓▓▓▓▓▓▓▓▓▓▓▓▓▓▓▓▓▓▓▓▓#...
≈♣♣.....♣♣♣♣≈≈≈........≈≈≈...#...
≈♣♣.≈≈≈≈+♣♣+♣≈≈≈≈≈≈≈≈≈≈≈≈♣♣P.+...


You could see an orc knight, an orc high priest, a hellwing, a sixfirhy, an orc
warrior (blind), an orc wizard, an orc and a friendly halberd of venom.

Vanquished Creatures
  the Lernaean hydra (D)
  Rupert (D)
  Gastronok (D)
  A greater naga (D)
  Maud (D)
  2 dire elephants (D)
  3 hydras (D)
  A naga warrior (D)
  An anaconda (D)
  Erolcha (D)
  4 death yaks (D)
  A death drake (D)
  A spriggan druid (D)
  A lindwurm (D)
  4 swamp dragons (D)
  3 orc sorcerers (D)
  A deep elf mage (D)
  2 elephants (D)
  7 black mambas (D)
  A guardian serpent (D)
  2 spiny frogs (D)
  A komodo dragon (D)
  A rime drake (D)
  3 wandering mushrooms (D)
  A queen bee (D)
  2 giant leeches (D)
  8 blink frogs (D)
  5 redbacks (D)
  2 spriggans (D)
  A shadow (D)
  A spatial vortex (D)
  2 nagas (D)
  2 hill giants (D)
  4 water moccasins (D)
  A necrophage (D)
  3 swamp drakes (D)
  3 two-headed ogres (D)
  A water elemental (D)
  30 killer bees (D)
  An electric eel (D)
  A jelly (D)
  3 orc wizards (D)
  A necromancer (D)
  A wizard (D)
  3 humans (D)
  A kobold demonologist (D)
  2 adders (D)
  2 oozes (D)
  A phantom (D)
  3 orcs (D)
  2 rats (D)
132 creatures vanquished.

Vanquished Creatures (collateral kills)
  2 killer bees (D)
2 creatures vanquished.

Vanquished Creatures (others)
  2 draconian scorchers (D)
  6 hellions (D)
  3 yaktaurs (D)
  3 dancing weapons (D)
  7 plants (D)
21 creatures vanquished.

Grand Total: 155 creatures vanquished

Notes
Turn   | Place    | Note
--------------------------------------------------------------
     0 | D        | Kidiri the Spriggan Enchanter began the quest for the Orb.
     0 | D        | Reached XP level 1. HP: 9/9 MP: 5/5
    15 | D        | Reached skill level 5 in Stealth
    77 | D        | Killed a yaktaur
    91 | D        | Reached XP level 2. HP: 10/14 MP: 2/7
    96 | D        | Killed a yaktaur
   105 | D        | Killed a hellion
   158 | D        | Killed a hellion
   161 | D        | Killed a white draconian scorcher
   170 | D        | Killed a white draconian scorcher
   219 | D        | Killed a hellion
   228 | D        | Killed a hellion
   229 | D        | Killed a hellion
   249 | D        | Learned a level 2 spell: Ensorcelled Hibernation
   300 | D        | Reached skill level 1 in Fighting
   300 | D        | Reached skill level 6 in Stealth
   300 | D        | Reached skill level 1 in Ice Magic
   300 | D        | Reached XP level 3. HP: 12/18 MP: 5/9
   307 | D        | Learned a level 3 spell: Confuse
   311 | D        | Learned a level 3 spell: Dazzling Spray
   510 | D        | Killed a hellion
   597 | D        | Gained mutation: You possess an exceptional clarity of mind. [potion of mutation]
   597 | D        | Gained mutation: You expend magic power (3 MP) to strengthen your wands. [potion of mutation]
   598 | D        | Gained mutation: You are clumsy. (Dex -2) [potion of mutation]
   598 | D        | Gained mutation: Your spells are a little easier to cast, but a little less powerful. [potion of mutation]
   599 | D        | Lost mutation: You are clumsy. (Dex -2) [potion of mutation]
   599 | D        | Gained mutation: You are partially covered in large bone plates. (AC +2, SH +2) [potion of mutation]
   639 | D        | Noticed a water elemental
   641 | D        | Killed a water elemental
   641 | D        | Reached skill level 1 in Armour
   641 | D        | Reached skill level 5 in Dodging
   641 | D        | Reached skill level 7 in Stealth
   641 | D        | Reached XP level 4. HP: 22/22 MP: 9/11
   646 | D        | Learned a level 3 spell: Tukima's Dance
   663 | D        | Noticed a shadow
   694 | D        | Killed a shadow
   694 | D        | Reached skill level 5 in Short Blades
   694 | D        | Reached skill level 8 in Stealth
   694 | D        | Reached skill level 1 in Conjurations
   694 | D        | Reached skill level 5 in Hexes
   694 | D        | Reached XP level 5. HP: 3/27 MP: 0/14
   982 | D        | Reached skill level 9 in Stealth
  1066 | D        | Found an oddly glowing altar of Pakellas.
  1066 | D        | Found a stormy altar of Qazlal.
  1067 | D        | Found a sacrificial altar of Ru.
  1067 | D        | Found a burning altar of Makhleb.
  1067 | D        | Found a viscous altar of Jiyva.
  1067 | D        | Found a shimmering altar of Xom.
  1067 | D        | Found a shadowy altar of Dithmenos.
  1067 | D        | Found a sparkling altar of Nemelex Xobeh.
  1067 | D        | Found a corrupted altar of Lugonu.
  1067 | D        | Found an opulent altar of Gozag.
  1067 | D        | Noticed a spatial vortex
  1071 | D        | Became a worshipper of Dithmenos the Shadowed
  1119 | D        | Killed a spatial vortex
  1119 | D        | Reached skill level 1 in Invocations
  1119 | D        | Reached XP level 6. HP: 27/32 MP: 1/17
  1230 | D        | Found a hide-covered altar to Ukayaw.
  1230 | D        | Found a radiant altar of Vehumet.
  1231 | D        | Found a deep blue altar of Sif Muna.
  1231 | D        | Found an ancient bone altar of Kikubaaqudgha.
  1248 | D        | Learned a level 3 spell: Static Discharge
  1256 | D        | Found a glowing silver altar of Zin.
  1257 | D        | Found a glowing golden altar of the Shining One.
  1257 | D        | Found a white marble altar of Elyvilon.
  1257 | D        | Noticed a deep elf mage
  1263 | D        | Killed a deep elf mage
  1263 | D        | Reached * piety under Dithmenos
  1263 | D        | Reached skill level 10 in Stealth
  1263 | D        | Reached skill level 1 in Air Magic
  1263 | D        | Reached XP level 7. HP: 34/36 MP: 5/19
  1355 | D        | Learned a level 5 spell: Lightning Bolt
  1364 | D        | Found an iron altar of Okawaru.
  1365 | D        | Found a hazy altar of Hepliaklqana.
  1365 | D        | Found a bloodstained altar of Trog.
  1365 | D        | Noticed a human
  1365 | D        | Noticed a human
  1368 | D        | Killed a human
  1368 | D        | Reached skill level 10 in Dodging
  1368 | D        | Reached skill level 11 in Stealth
  1389 | D        | Killed a human
  1389 | D        | Reached XP level 8. HP: 42/42 MP: 11/21
  1449 | D        | Found a snail-covered altar of Cheibriados.
  1450 | D        | Found a basalt altar of Yredelemnul.
  1450 | D        | Found a blossoming altar of Fedhas.
  1451 | D        | Reached ** piety under Dithmenos
  1658 | D        | Reached *** piety under Dithmenos
  1687 | D        | Noticed Erolcha
  1702 | D        | Reached skill level 12 in Stealth
  1704 | D        | Killed Erolcha
  1704 | D        | Reached XP level 9. HP: 39/45 MP: 9/23
  1709 | D        | Reached skill level 10 in Spellcasting
  1816 | D        | Reached **** piety under Dithmenos
  1816 | D        | Reached skill level 13 in Stealth
  1936 | D        | Reached ***** piety under Dithmenos
  1969 | D        | Killed a yaktaur
  2211 | D        | Noticed a queen bee
  2327 | D        | Reached ****** piety under Dithmenos
  2655 | D        | Learned a level 9 spell: Tornado
  2661 | D        | Reached skill level 14 in Stealth
  2668 | D        | Killed a queen bee
  2668 | D        | Reached skill level 5 in Fighting
  2668 | D        | Reached skill level 10 in Short Blades
  2668 | D        | Reached XP level 10. HP: 51/51 MP: 7/25
  2709 | D        | Reached skill level 5 in Ice Magic
  2848 | D        | Noticed a spiny frog
  2848 | D        | Noticed a spiny frog
  2851 | D        | Killed a spiny frog
  2853 | D        | Killed a spiny frog
  2853 | D        | Reached skill level 5 in Armour
  2887 | D        | Reached skill level 15 in Stealth
  2897 | D        | Noticed a lindwurm
  2902 | D        | Killed a lindwurm
  2902 | D        | Reached skill level 5 in Air Magic
  2905 | D        | Reached skill level 5 in Conjurations
  2913 | D        | Noticed Maud
  2916 | D        | Killed Maud
  2916 | D        | Reached XP level 11. HP: 56/56 MP: 26/28
  2928 | D        | Noticed an eight-headed hydra
  2928 | D        | Noticed a four-headed hydra
  2931 | D        | Killed an eight-headed hydra
  2931 | D        | Reached skill level 16 in Stealth
  2932 | D        | Killed a four-headed hydra
  2932 | D        | Reached skill level 10 in Hexes
  2970 | D        | Noticed a death drake
  2972 | D        | Killed a death drake
  2979 | D        | Found a blossoming altar of Fedhas.
  2979 | D        | Noticed a spriggan druid
  2985 | D        | Killed a spriggan druid
  2985 | D        | Reached skill level 15 in Dodging
  3222 | D        | Found Jethulun's Book Emporium.
  3222 | D        | Found Hioptukya's Antique Armour Shop.
  3222 | D        | Noticed a swamp dragon
  3229 | D        | Found Qodwih's Food Shoppe.
  3231 | D        | Killed a swamp dragon
  3238 | D        | Noticed a swamp dragon
  3238 | D        | Noticed a swamp dragon
  3240 | D        | Killed a swamp dragon
  3242 | D        | Killed a swamp dragon
  3242 | D        | Reached skill level 17 in Stealth
  3276 | D        | Noticed a swamp dragon
  3276 | D        | Noticed an eight-headed hydra
  3276 | D        | Noticed the 27-headed Lernaean hydra
  3278 | D        | Killed the 27-headed Lernaean hydra
  3278 | D        | Reached XP level 12. HP: 63/63 MP: 25/30
  3281 | D        | Killed an eight-headed hydra
  3291 | D        | Got a decaying rune of Zot
  3362 | D        | Reached skill level 18 in Stealth
  3556 | D        | Noticed Rupert
  3561 | D        | Killed Rupert
  3568 | D        | Noticed a death yak
  3569 | D        | Noticed a death yak
  3570 | D        | Noticed an azure jelly
  3570 | D        | Noticed a death yak
  3570 | D        | Noticed an azure jelly
  3570 | D        | Noticed a death yak
  3571 | D        | Killed a death yak
  3791 | D        | Killed a death yak
  3934 | D        | Noticed an azure jelly
  3934 | D        | Noticed an azure jelly
  3943 | D        | Killed a death yak
  4081 | D        | Killed a death yak
  4081 | D        | Reached skill level 19 in Stealth
  4081 | D        | Reached skill level 15 in Spellcasting
  4158 | D        | Noticed an anaconda
  4162 | D        | Killed an anaconda
  4162 | D        | Reached XP level 13. HP: 68/68 MP: 15/33
  4249 | D        | Noticed a greater naga
  4249 | D        | Found Xuohel's Distillery.
  4249 | D        | Found Pit Irphauz's Jewellery Emporium.
  4252 | D        | Found Jauqiupn's Antique Armour Shop.
  4253 | D        | Killed a greater naga
  4270 | D        | Got a serpentine rune of Zot
  4348 | D        | Noticed a dire elephant
  4348 | D        | Noticed a dire elephant
  4348 | D        | Noticed Gastronok
  4350 | D        | Killed Gastronok
  4351 | D        | Killed a dire elephant
  4351 | D        | Reached skill level 20 in Stealth
  4353 | D        | Killed a dire elephant
  4486 | D        | Found Zixy's Antique Armour Emporium.
  4507 | D        | Upgraded the game from 0.19-a0-328-g3707654 to 0.19-a0-330-g034cfd4
  4521 | D        | HP: 3/69 [poisoned by an orc warrior]
  4523 | D        | Demolished by an orc warrior

Vault maps used:
D:        dungeon_sprint_mu

Skill      XL: |  1  2  3  4  5  6  7  8  9 10 11 12 13 |
---------------+----------------------------------------+-----
Stealth        | 5 6 7 8 9 10 11 12 14 15 17 19 20 | 20.3
Spellcasting   | 3 4 6 7 8 9 10 12 13 15 16 | 16.0
Hexes          | 4 5 6 7 8 9 10 11 12 | 12.3
Fighting       | 1 2 3 4 5 7 8 |  8.4
Short Blades   | 2 3 5 7 8 10 11 12 14 | 14.9
Dodging        | 4 5 7 8 9 10 11 12 14 16 17 18 | 18.8
Ice Magic      | 1 2 3 4 5 7 8 |  8.5
Armour         | 1 2 3 4 5 6 7 |  7.9
Conjurations   | 1 2 3 4 5 6 7 |  7.6
Invocations    | 1 2 3 4 |  4.8
Air Magic      | 1 2 3 4 5 6 8 |  8.6

Action                   |  1- 3 |  4- 6 |  7- 9 | 10-12 | 13-15 || total
-------------------------+-------+-------+-------+-------+-------++-------
Melee: Dagger            |    33 |    44 |    95 |    73 |    21 ||   266
 Cast: Corona            |     6 |       |       |       |       ||     6
       Ensorcelled Hiber |     2 |     4 |    56 |    17 |     2 ||    81
       Dazzling Spray    |     3 |    11 |    11 |    26 |    12 ||    63
       Confuse           |     2 |       |     6 |       |       ||     8
       Tukima's Dance    |       |     2 |     5 |       |     2 ||     9
Invok: Shadow Step       |       |       |       |    21 |     3 ||    24
  Use: Potion            |     4 |     1 |     2 |       |     1 ||     8
       Scroll            |     4 |       |       |       |     1 ||     5
 Stab: Sleeping          |     5 |     3 |    29 |    53 |    12 ||   102
       Invisible         |       |     1 |     6 |     4 |     2 ||    13
       Confused          |       |       |     4 |       |       ||     4
       Distracted        |       |       |       |     1 |       ||     1
  Eat: Royal jelly       |       |       |     2 |       |       ||     2
Armor: Robe              |     4 |     4 |     2 |     2 |     3 ||    15
Dodge: Dodged            |    23 |     6 |    99 |    44 |    23 ||   195
Block: Other             |       |       |     5 |     2 |     1 ||     8
